 Dungeon Crawl Stone Soup version 0.29.1-15-g9cfb28693d (webtiles) character file.

Game seed: 9199601316529976130

1662 Gumption the Cleaver (level 8, -1/73 HPs)
             Began as a Minotaur Berserker on Mar 27, 2023.
             Was an Elder of Trog.
             Slain by a gnoll
             ... wielding a +0 flail
              (6 damage)
             ... on level 6 of the Dungeon.
             The game lasted 00:35:33 (6098 turns).

Gumption the Cleaver (Minotaur Berserker)           Turns: 6098, Time: 00:35:34

Health: -1/73      AC: 11    Str: 24    XL:     8   Next: 69%
Magic:  7/7        EV:  9    Int:  4    God:    Trog [****..]
Gold:   310        SH:  0    Dex: 10    Spells: 7/7 levels left

rFire   . . .      SeeInvis .   a - +0 hand axe
rCold   + . .      Faith    .   (no shield)
rNeg    . . .      Spirit   .   l - +0 chain mail
rPois   .          Reflect  .   (helmet restricted)
rElec   .          Harm     .   (no cloak)
rCorr   .          Rampage  .   i - +0 pair of gloves
Will    .....                   (no boots)
Stlth   ..........              (no amulet)
HPRegen 0.22/turn               p - ring of protection from cold
MPRegen 0.10/turn               q - +4 ring of slaying

@: on berserk cooldown, slowed, very slow
A: horns 2, retaliatory headbutt
a: Renounce Religion, Berserk, Trog's Hand, Brothers in Arms


You were on level 6 of the Dungeon.
You worshipped Trog.
Trog was greatly pleased with you.
You visited 1 branch of the dungeon, and saw 6 of its levels.
You also visited: Sewer and Ossuary.

You collected 310 gold pieces.

Inventory:

Hand Weapons
 a - a +0 hand axe (weapon)
Missiles
 k - 3 boomerangs (quivered)
 m - 3 javelins
Armour
 i - a +0 pair of gloves (worn)
 l - a +0 chain mail (worn)
Jewellery
 p - a ring of protection from cold (left hand)
 q - a +4 ring of slaying (right hand)
Wands
 y - a wand of charming (6)
Scrolls
 b - a scroll of torment {unknown}
 c - a scroll of teleportation
 e - 3 scrolls of magic mapping {unknown}
 h - a scroll of poison {unknown}
 j - 2 scrolls of vulnerability {unknown}
 o - 3 scrolls of immolation {unknown}
 r - a scroll of identify
 s - a scroll of brand weapon {unknown}
 u - 2 scrolls of blinking {unknown}
 A - a scroll of noise {unknown}
 D - a scroll of enchant weapon {unknown}
Potions
 d - 2 potions of magic {unknown}
 f - 3 potions of curing
 g - a potion of mutation {unknown}
 n - 2 potions of invisibility {unknown}
 t - 3 potions of heal wounds {unknown}
 v - a potion of cancellation {unknown}
 w - 3 potions of brilliance {unknown}
 x - 2 potions of lignification {unknown}
 z - a potion of resistance {unknown}
 B - a potion of attraction {unknown}
 C - a potion of might {unknown}


   Skills:
 + Level 7.5 Fighting
 * Level 10.1 Axes
 + Level 7.0 Armour
 - Level 2.1 Dodging


You had 7 spell levels left.
You didn't know any spells.
Your spell library was empty.

Dungeon Overview and Level Annotations

Branches:
Dungeon (6/15)             Temple (0/1) D:5           Sewer (visited)
Ossuary (visited)

Altars:
Qazlal

Shops:
D:1 :   D:5 *

Annotations:
D:3 2 transporters


Innate Abilities, Weirdness & Mutations

You have a pair of horns on your head.
You reflexively headbutt those who attack you in melee.


Message History

You are engulfed in a cloud of scalding steam.
You are no longer berserk.
You are exhausted.
You feel yourself slow down.
You hit the steam dragon.
The steam dragon is severely wounded.
You are engulfed in a cloud of scalding steam.
The steam dragon bites you.
The steam dragon claws you but does no damage.
You slash the steam dragon!
The steam dragon is almost dead.
The steam dragon breathes steam at you. The ball of steam hits you!!
* * * LOW HITPOINT WARNING * * *
The steam dragon bites you.
* * * LOW HITPOINT WARNING * * *
The steam dragon barely misses you.
You hear a shout!
You hit the steam dragon.
You kill the steam dragon!
Trog accepts your kill.
You are engulfed in a cloud of scalding steam.
* * * LOW HITPOINT WARNING * * *
Your Axes skill increases to level 10!
Your Armour skill increases to level 7!
You closely miss the gnoll.
You are engulfed in a cloud of scalding steam.
* * * LOW HITPOINT WARNING * * *
The gnoll hits you but does no damage.
You hit the gnoll.
The gnoll is moderately wounded.
The gnoll barely misses you.
You hit the gnoll.
The gnoll is heavily wounded.
You are engulfed in a cloud of scalding steam.
* * * LOW HITPOINT WARNING * * *
The gnoll hits you but does no damage.
You hit the gnoll.
The gnoll is almost dead.
The gnoll hits you but does no damage. The gnoll hits you with a +0 flail.
You die...

...#
#......#
...
#......#
#......#
##......#
........#
..#####.#
..
#)#####
#))...#
#@###.#
#g# #.#
..# #.#
#.# #.#
#.#


You could see a gnoll.

Vanquished Creatures
  A steam dragon (D:6)
  A water moccasin (D:5)
  A centaur (D:4)
  3 kobold brigands (Sewer)
  2 elf zombies (Ossuary)
  A necrophage (D:4)
  2 scorpions (D:5)
  3 centaur zombies (Ossuary)
  A human zombie (Ossuary)
  A jelly (D:5)
  An orc priest (D:5)
  3 hounds
  A gnoll bouda (D:6)
  2 iguanas (D:4)
  An orc wizard (D:5)
  Robin (D:4)
  3 mummies
  6 gnolls
  14 adders
  5 river rats
  An ufetubus (D:4)
  2 adder zombies (Ossuary)
  6 worms
  6 dart slugs
  9 orcs
  12 ball pythons
  8 endoplasms
  5 giant cockroaches
  18 goblins
  7 hobgoblins
  10 kobolds
  2 quokkas
  3 bats
  3 frilled lizards
  8 hobgoblin zombies (Ossuary)
  A jackal zombie (Ossuary)
  8 kobold zombies (Ossuary)
  11 orc zombies (Ossuary)
  10 rats
  A rat zombie (Ossuary)
184 creatures vanquished.

Notes
Turn   | Place    | Note
-------+----------+-------------------------------------------
     0 | D:1      | Gumption the Minotaur Berserker began the quest for the
                  | Orb.
     0 | D:1      | Reached XP level 1. HP: 19/19 MP: 0/0
   353 | D:1      | Reached skill level 4 in Axes
   353 | D:1      | Reached XP level 2. HP: 23/27 MP: 1/1
   408 | D:1      | Found Roujem's Vocational Training.
   604 | D:1      | Found a faded altar of an unknown god.
   829 | D:2      | Reached XP level 3. HP: 21/33 MP: 2/2
  1342 | D:2      | Reached ** piety under Trog
  1510 | D:2      | Reached skill level 5 in Axes
  1510 | D:2      | Reached XP level 4. HP: 36/40 MP: 3/3
  2389 | D:3      | Found a transporter.
  2417 | D:3      | Found a transporter.
  2547 | D:3      | Found a stormy altar of Qazlal.
  3194 | D:4      | Reached XP level 5. HP: 47/47 MP: 4/4
  3196 | D:4      | Found a sand-covered staircase.
  3208 | Ossuary  | Entered an ossuary
  3270 | Ossuary  | Reached *** piety under Trog
  3327 | Ossuary  | Reached skill level 5 in Fighting
  3327 | Ossuary  | Reached skill level 6 in Axes
  3340 | Ossuary  | Reached XP level 6. HP: 53/56 MP: 5/5
  3433 | Ossuary  | Reached skill level 7 in Axes
  3502 | D:4      | Found a glowing drain.
  3513 | Sewer    | Entered a sewer
  3550 | Sewer    | Reached XP level 7. HP: 54/62 MP: 6/6
  3674 | Sewer    | Reached skill level 5 in Armour
  3875 | Sewer    | Reached **** piety under Trog
  3876 | Sewer    | Reached skill level 8 in Axes
  4118 | D:4      | Noticed Robin
  4129 | D:4      | Killed Robin
  4704 | D:4      | Reached XP level 8. HP: 51/71 MP: 7/7
  4974 | D:5      | Entered Level 5 of the Dungeon
  5192 | D:5      | Reached skill level 9 in Axes
  5709 | D:5      | Found Vewi's Serpentskin Sales.
  5956 | D:5      | Found a staircase to the Ecumenical Temple.
  6095 | D:6      | Reached skill level 10 in Axes
  6098 | D:6      | Slain by a gnoll

Illustrated notes

Levels and vault maps discovered:
D:1:      saegor_arrival_simple_c, layout_loops_ring,
          ebering_ecumenical_altar_rust, nicolae_shop_vocational
D:2:      layout_basic, serial_glass, glass_columns_b, glass_columns_a,
          minmay_box_of_dots
D:3:      gammafunk_steamed_eel, layout_basic, nicolae_qazlal_scattered_showers,
          kennysheep_donut
D:4:      layout_rooms, portal_sewer_entry_e, gup_ossuary_entry_pyramid,
          uniq_robin
D:5:      layout_loops_corners, minmay_temple_entry_poolview,
          guppyfry_shop_venom
D:6:      layout_basic, mainiacjoe_overflow_small_starburst,
          minmay_guarded_unrand_staff_of_olgreb

Skill      XL: |  1  2  3  4  5  6  7  8 |
---------------+-------------------------+-----
Axes           | 4 5 6 7 8 10 | 10.1
Fighting       | 4 5 6 7 |  7.5
Armour         | 3 4 6 7 |  7.0
Dodging        | |  2.1

Action                   |  1- 3 |  4- 6 |  7- 9 || total
-------------------------+-------+-------+-------++-------
Melee: Hand axe          |    76 |   180 |   191 ||   447
       Headbutt          |    10 |    28 |    28 ||    66
       Punch             |       |     4 |     3 ||     7
Invok: Berserk           |       |       |     2 ||     2
       Trog's Hand       |       |       |     1 ||     1
  Use: Scroll            |       |     3 |     2 ||     5
Armor: Ring mail         |    21 |       |       ||    21
       Animal skin       |     1 |       |       ||     1
       Chain mail        |       |    94 |    94 ||   188
Dodge: Dodged            |    45 |    64 |    71 ||   180
